 Dungeon Crawl Stone Soup version 0.20.1-1-g8b1a95d (console) character file.

2291 hilaritas the Slinger (level 9, -6/64 HPs)
             Began as a Halfling Hunter on Jan 20, 2018.
             Was an Initiate of Okawaru.
             Mangled by a killer bee (8 damage)
             ... on level 7 of the Dungeon.
             The game lasted 00:28:20 (8043 turns).

hilaritas the Slinger (Halfling Hunter)             Turns: 8043, Time: 00:28:21

Health: -6/64      AC:  5    Str: 16    XL:     9   Next: 67%
Magic:  9/9        EV: 17    Int:  9    God:    Okawaru [......]
Gold:   458        SH:  0    Dex: 15    Spells: 5/8 levels left

rFire    . . .     SeeInvis .   r - +0 rapier (drain)
rCold    . . .     Gourm    +   (shield restricted)
rNeg     . . .     Faith    .   g - +2 leather armour {MR+}
rPois    .         Spirit   .   x - +0 hat
rElec    .         Reflect  .   (no cloak)
rCorr    .         Harm     .   (no gloves)
MR       +....                  (no boots)
Stlth    ++........             q - amulet of the gourmand
Regen    0.2/turn               (no ring)
MPRegen  0.2/turn               (no ring)

@: no status effects
A: mutation resistance 1
a: Renounce Religion


You were on level 7 of the Dungeon.
You worshipped Okawaru.
Okawaru was noncommittal.
You were very full.

You visited 2 branches of the dungeon, and saw 8 of its levels.

You collected 458 gold pieces.

Inventory:

Hand Weapons
 a - a +2 hunting sling
 r - a +0 rapier of draining (weapon)
Missiles
 d - 33 sling bullets
 e - 176 stones (quivered)
Armour
 g - a +2 leather armour of magic resistance (worn)
 x - a +0 hat (worn)
Jewellery
 q - an amulet of the gourmand (around neck)
 y - an uncursed amulet of rage
Wands
 m - a wand of polymorph (13/24)
 t - a wand of acid (13/15)
Scrolls
 h - a scroll of blinking
 l - 7 scrolls of remove curse
 n - 2 scrolls of identify
 s - a scroll of magic mapping
 v - a scroll of enchant armour
 w - a scroll of fog
Potions
 b - 2 potions of magic
 i - a potion of curing
 j - 2 potions of mutation
 k - 2 potions of might
 u - a potion of brilliance
 A - a potion of lignification {unknown}
Books
 z - a book of Maledictions

   Spells                             Type                      Level
   a - Corona                         Hexes                        1
   b - Ensorcelled Hibernation        Hexes/Ice                    2
   c - Confuse                        Hexes                        3
   d - Tukima's Dance                 Hexes                        3
   e - Dazzling Spray                 Conjuration/Hexes            3
Comestibles
 c - 3 royal jellies
 f - 6 bread rations
 o - 3 meat rations
 p - 3 fruits


   Skills:
 * Level 7.4 Fighting
 - Level 5.0 Short Blades
 - Level 10.0 Slings
 + Level 4.2 Armour
 * Level 4.8 Dodging
 - Level 1.1 Stealth
 - Level 0.2 Unarmed Combat
 * Level 1.2 Invocations


You had 5 spell levels left.
You knew the following spells:

 Your Spells              Type           Power        Failure   Level  Hunger
a - Tukima's Dance        Hex            #.......     82%         3    ####...


Dungeon Overview and Level Annotations

Branches:
Dungeon (7/15)             Temple (1/1) D:7

Altars:
Ashenzari
Cheibriados
Dithmenos
Elyvilon
Fedhas
Gozag
Hepliaklqana
Kikubaaqudgha
Makhleb
Nemelex Xobeh
Okawaru
Qazlal
Ru
Sif Muna
Trog
Uskayaw
Vehumet
Xom
Yredelemnul
Zin
The Shining One

Shops:
D:4 (


Innate Abilities, Weirdness & Mutations

You are small and have problems with some larger weapons.
You are somewhat resistant to further mutation.


Message History

You feel better. The killer bee stings you.
* * * LOW HITPOINT WARNING * * *
The killer bee completely misses you.
You hit the killer bee.
The killer bee is moderately wounded.
The killer bee barely misses you.
The killer bee stings you but does no damage.
You closely miss the killer bee.
The killer bee is moderately wounded.
The killer bee stings you!
* * * LOW HITPOINT WARNING * * *
The killer bee completely misses you.
You miss the killer bee.
The killer bee is moderately wounded.
The killer bee misses you.
The killer bee stings you but does no damage.
You closely miss the killer bee.
The killer bee is moderately wounded.
The killer bee closely misses you. The killer bee stings you!
You die...

...... ###### .
######### [.
#........ ..y
#........ y.###
#........ .(.
#........ #(##
#........ #.)#
#........ ##y#
#........ #@##
#........ #..##
#####.###
##..#### #.#
##....#######.###
####............
########..##.
#.##.. #.##.#
##....# #..####
#.##


You could see a killer bee.

Vanquished Creatures
  A water moccasin (D:6)
  An orc warrior (D:5)
  A sky beast (D:6)
  2 black bears
  A phantom (D:4)
  2 ogres
  2 centaurs
  A bullfrog (D:6)
  A scorpion (D:3)
  4 killer bees (D:7)
  4 wights (D:6)
  2 bullfrog zombies
  A jelly (D:6)
  3 orc priests
  An iguana (D:4)
  9 orc wizards
  10 worker ants
  A killer bee zombie (D:6)
  A hound zombie (D:6)
  A gnoll (D:1)
  7 adders
  A shadow imp (D:5)
  An ooze (D:2)
  An adder zombie (D:6)
  6 worms
  2 dart slugs (D:1)
  6 leopard geckos
  25 orcs
  5 giant cockroaches
  9 goblins
  11 hobgoblins
  4 jackals
  10 kobolds
  2 quokkas
  2 ball pythons
  9 bats
  6 frilled lizards
  2 jackal skeletons
  A leopard gecko skeleton (D:5)
  8 rats
167 creatures vanquished.

Notes
Turn   | Place    | Note
-------+----------+-------------------------------------------
     0 | D:1      | hilaritas the Halfling Hunter began the quest for the Orb.
     0 | D:1      | Reached XP level 1. HP: 14/14 MP: 1/1
     6 | D:1      | Reached skill level 6 in Slings
    64 | D:1      | Reached XP level 2. HP: 19/19 MP: 2/2
   405 | D:1      | Reached XP level 3. HP: 24/24 MP: 3/3
   406 | D:1      | Reached skill level 1 in Short Blades
   646 | D:1      | Reached skill level 7 in Slings
  1403 | D:2      | Reached XP level 4. HP: 29/29 MP: 4/4
  2201 | D:2      | Reached skill level 8 in Slings
  2244 | D:2      | Reached XP level 5. HP: 34/34 MP: 5/5
  2351 | D:3      | HP: 3/34 [something/puff of flame (11)]
  3520 | D:3      | Reached skill level 9 in Slings
  3734 | D:3      | Reached XP level 6. HP: 12/39 MP: 6/6
  3911 | D:4      | Noticed an ogre
  3957 | D:4      | Killed an ogre
  3957 | D:4      | Reached skill level 10 in Slings
  3957 | D:4      | Reached XP level 7. HP: 28/44 MP: 7/7
  4656 | D:4      | Reached skill level 5 in Short Blades
  5068 | D:4      | Found Duju Fojyss's Antique Weapon Shop.
  5194 | D:4      | Found a sacrificial altar of Ru.
  5220 | D:4      | Reached XP level 8. HP: 47/52 MP: 8/8
  5438 | D:5      | Entered Level 5 of the Dungeon
  5549 | D:5      | Reached skill level 1 in Armour
  6194 | D:6      | Reached skill level 5 in Fighting
  6321 | D:6      | HP: 3/56 [wight/scimitar of freezing (11)]
  6321 | D:6      | HP: 1/56 [wight/scimitar of freezing (2)]
  6609 | D:6      | Reached XP level 9. HP: 47/62 MP: 9/9
  7644 | D:7      | Found a staircase to the Ecumenical Temple.
  7649 | Temple   | Entered the Ecumenical Temple
  7701 | Temple   | Became a worshipper of Warmaster Okawaru
  7719 | D:7      | Found a snail-covered altar of Cheibriados.
  7719 | D:7      | Found a shadowy altar of Dithmenos.
  7719 | D:7      | Found a bloodstained altar of Trog.
  7719 | D:7      | Found a hazy altar of Hepliaklqana.
  7720 | D:7      | Found a sacrificial altar of Ru.
  7720 | D:7      | Found a blossoming altar of Fedhas.
  7726 | D:7      | Found a shimmering altar of Xom.
  7726 | D:7      | Found a snail-covered altar of Cheibriados.
  7726 | D:7      | Found a shattered altar of Ashenzari.
  7726 | D:7      | Found a shattered altar of Ashenzari.
  7726 | D:7      | Found a burning altar of Makhleb.
  7726 | D:7      | Found a shadowy altar of Dithmenos.
  7865 | D:7      | Learned a level 3 spell: Tukima's Dance
  8014 | D:7      | Reached skill level 1 in Invocations
  8038 | D:7      | HP: 4/64 [killer bee (6)]
  8043 | D:7      | Mangled by a killer bee

Skill      XL: |  1  2  3  4  5  6  7  8  9 |
---------------+----------------------------+-----
Slings         | 6 7 8 9 10 | 10.0
Short Blades   | 1 2 3 5 |  5.0
Fighting       | 3 5 7 |  7.4
Armour         | 3 4 |  4.2
Dodging        | 3 4 |  4.8
Invocations    | 1 |  1.2
Stealth        | |  1.1
Unarmed Combat | |  0.2

Action                   |  1- 3 |  4- 6 |  7- 9 || total
-------------------------+-------+-------+-------++-------
Melee: Short sword       |    32 |    68 |       ||   100
       Rapier            |       |       |   196 ||   196
 Fire: Hunting sling     |    79 |   211 |   320 ||   610
Throw: Stone             |       |       |    12 ||    12
  Use: Scroll            |     3 |     7 |    11 ||    21
       Potion            |       |     3 |     3 ||     6
  Eat: Chunk             |     1 |     7 |    25 ||    33
Armor: Leather armour    |     8 |    29 |    46 ||    83
Dodge: Dodged            |    33 |    77 |   229 ||   339
